AoeStats
← 遊戲靠賽輕鬆自在

Nomad

509806065Analyzed
2v2 RM · 5d ago on Sep 28, 2026· 34m 8s· 4 players
Game mode
Random Map
Map size
176×176
Population
200
Speed
Normal
Resources
Standard
Victory
Conquest
Starting age
Dark Age
Ending age
Imperial Age
RankedLock teamsTeams togetherTeam positionsShared explorationLock speedFull tech treeHidden civsTurbo modeCheats
Victory
Defeat
🇯🇵 Malay · Japan
1073
+14
🇹🇼 Bohemians · Taiwan
1015
+17
🇹🇼 Romans · Taiwan
1058
-16
🇹🇼 Franks · Taiwan
1011
-42
QAZWSX
4:00 Loom
16:34 Feudal Age
18:50 Double-Bit Axe
21:37 Castle Age
21:05 Horse Collar
26:46 Fletching
27:33 Bodkin Arrow
29:36 Town Watch
36:34 Imperial Age
takoyaki
3:17 Loom
15:55 Feudal Age
15:37 Double-Bit Axe
16:56 Fishing Lines
21:26 Castle Age
20:39 Wheelbarrow
20:57 Town Watch
26:10 Forging
26:26 Medium Warships
28:47 Husbandry
28:58 Gillnets
31:25 Pikeman
34:03 Iron Casting
LiuDi
5:32 Loom
13:23 Feudal Age
21:58 Castle Age
20:24 Scale Mail Armor
21:35 Forging
20:54 Man-at-Arms
24:50 Chain Mail Armor
25:18 Pikeman
26:50 Iron Casting
27:13 Wheelbarrow
30:20 Double-Bit Axe
遊戲靠賽輕鬆自在
17:00 Feudal Age
17:08 Loom
22:30 Castle Age
31:19 Forging
Connection lost

Rejoining the realm…

Still unreachable

The connection could not be restored.

Session expired

The server has moved on; the page needs a fresh start.